 Dungeon Crawl Stone Soup version 0.26.1-11-gd32895ea62 (webtiles) character file.

Game seed: 16027816722111002640

210 Eitelfritz the Slasher (level 5, -3/45 HPs)
             Began as a Minotaur Gladiator on Apr 18, 2021.
             Slain by an orc warrior
             ... wielding a +0 hand axe
              (8 damage)
             ... on level 3 of the Dungeon.
             The game lasted 00:04:38 (2725 turns).

Eitelfritz the Slasher (Minotaur Gladiator)         Turns: 2725, Time: 00:04:39

Health: -3/45      AC:  4    Str: 19    XL:     5   Next: 57%
Magic:  4/4        EV: 13    Int:  6    God:
Gold:   281        SH:  0    Dex: 11    Spells: 4/4 levels left

rFire    . . .     SeeInvis .   a - +0 long sword
rCold    . . .     Faith    .   (no shield)
rNeg     . . .     Spirit   .   b - +0 leather armour
rPois    .         Reflect  .   c - +1 hat
rElec    .         Harm     .   (no cloak)
rCorr    .         Rampage  .   (no gloves)
Will     +....                  (no boots)
Stlth    +.........             (no amulet)
HPRegen  0.15/turn              m - ring of willpower
MPRegen  0.09/turn              (no ring)

@: no status effects
A: retaliatory headbutt, horns 2
a: no special abilities


You were on level 3 of the Dungeon.
You visited 1 branch of the dungeon, and saw 4 of its levels.

You collected 281 gold pieces.

Inventory:

Hand Weapons
 a - a +0 long sword (weapon)
 s - a +2 flail of pain
Missiles
 d - 3 throwing nets (quivered)
 k - 5 silver javelins
 u - 5 boomerangs
 w - 25 arrows
Armour
 b - a +0 leather armour (worn)
 c - a +1 hat (worn)
Jewellery
 m - a ring of willpower (left hand)
Scrolls
 e - a scroll of fog
 f - a scroll of enchant weapon {unknown}
 i - a scroll of amnesia
Potions
 g - a potion of haste {unknown}
 h - a potion of cancellation {unknown}
 l - 4 potions of lignification
 n - a potion of mutation {unknown}
 o - a potion of berserk rage {unknown}
 r - 2 potions of might {unknown}


   Skills:
 + Level 3.2 Fighting
 + Level 5.5 Long Blades
 + Level 2.2 Throwing
 + Level 2.7 Armour
 + Level 4.3 Dodging
 + Level 0.4 Stealth


You had 4 spell levels left.
You didn't know any spells.
Your spell library was empty.

Dungeon Overview and Level Annotations

Branches:
Dungeon (4/15)
 Temple: D:4-7

Altars:


Innate Abilities, Weirdness & Mutations

You reflexively headbutt those who attack you in melee.
You have a pair of horns on your head.


Message History

You feel better.
The orc warrior hits you but does no damage.
You barely miss the orc warrior. The orc warrior closely misses you.
You furiously retaliate!
You headbutt the orc warrior, but do no damage.
You hit the orc warrior but do no damage.
Your headbutt misses the orc warrior. The orc warrior completely misses you.
You furiously retaliate!
You headbutt the orc warrior, but do no damage.
You hit the orc warrior.
The orc warrior is lightly wounded.
The orc warrior hits you with a +0 hand axe!
* * * LOW HITPOINT WARNING * * *
You hit the orc warrior but do no damage.
The orc warrior is lightly wounded.
The orc warrior barely misses you.
You hit the orc warrior.
The orc warrior is moderately wounded.
The orc warrior hits you with a +0 hand axe!
You die...

.#.# #####.....## ##.# ### .#.##
##.>.....## ##..#
....####.........####...#########
.................'...............
....####.........####...#########
.....####.....o.## #..##
......###......## #.##
#.........#...#######.#
#.............oo@..##.#
#.##..##.#.#######.##.#
.^.........# #.##.#
#.######.#.##### #.##.#
#.######.#.....# #....#
#........#.....# #.####
##########>..).# #.# #.....###.#
#.........#


You could see an orc warrior and an orc.

Vanquished Creatures
  A centaur skeleton (D:4)
  An iguana (D:2)
  4 gnolls (D:3)
  4 adders
  2 dart slugs (D:1)
  2 leopard geckos
  7 orcs (D:3)
  A giant cockroach (D:3)
  6 goblins
  7 hobgoblins
  4 jackals (D:3)
  8 kobolds
  2 quokkas
  A ball python (D:3)
  10 bats
  3 frilled lizards
  6 rats
69 creatures vanquished.

Notes
Turn   | Place    | Note
-------+----------+-------------------------------------------
     0 | D:1      | Eitelfritz the Minotaur Gladiator began the quest for the
                  | Orb.
     0 | D:1      | Reached XP level 1. HP: 18/18 MP: 0/0
   143 | D:1      | Reached XP level 2. HP: 25/25 MP: 1/1
   328 | D:1      | Reached skill level 4 in Long Blades
   670 | D:2      | Reached XP level 3. HP: 30/30 MP: 2/2
   713 | D:2      | Reached skill level 1 in Armour
  1066 | D:2      | Reached XP level 4. HP: 35/37 MP: 3/3
  1739 | D:3      | Reached skill level 5 in Long Blades
  1902 | D:3      | Reached XP level 5. HP: 40/45 MP: 4/4
  2690 | D:4      | Noticed an orc warrior
  2725 | D:3      | Slain by an orc warrior

Illustrated notes

Levels and vault maps discovered:
D:1:      elethiomel_arrival_quiet, layout_rooms, grunt_decor_one_mirror
D:2:      layout_loops_cross, minivault_4, kennysheep_generic_room_3
D:3:      layout_loops_corners
D:4:      layout_cave_pods, kennysheep_mini_moat, nicolae_ossuary_entry_giza,
          uniq_sigmund, uniq_grinder, uniq_crazy_yiuf_cottage, uniq_pikel

Skill      XL: |  1  2  3  4 |
---------------+-------------+-----
Long Blades    | 4 5 |  5.5
Dodging        | 4 |  4.3
Armour         | 1 2 |  2.7
Fighting       | 3 |  3.2
Throwing       | |  2.2
Stealth        | |  0.4

Action                   |  1- 3 |  4- 6 || total
-------------------------+-------+-------++-------
Melee: Long sword        |    44 |    69 ||   113
       Headbutt          |    10 |    13 ||    23
  Use: Scroll            |       |     8 ||     8
       Potion            |       |     3 ||     3
Armor: Leather armour    |     4 |    10 ||    14
Dodge: Dodged            |    42 |    42 ||    84
       Rpst.: Long sword |    16 |     8 ||    24
